 Dungeon Crawl Stone Soup version 0.28.0-53-g5a82cb258f (console) character file.

Game seed: 5280825024305856980

48575 Hector the Thaumaturge (level 14, -1/103 HPs)
             Began as a Djinni Cinder Acolyte on Oct 17, 2022.
             Was a High Priest of Ignis.
             Slain by a boulder beetle (58 damage)
             ... on level 11 of the Dungeon on Oct 18, 2022.
             The game lasted 01:39:36 (18360 turns).

Hector the Thaumaturge (Djinni Cinder Acolyte)     Turns: 18360, Time: 01:39:37

Health: -1/103     AC:  9    Str:  8    XL:     14   Next: 87%
Gold:   376        EV: 16    Int: 20    God:    Ignis [*****.] SH:  6 Dex: 15

rFire   + + +      SeeInvis .   A - +8 mace {protect, *Noise +Blink rPois Str-5}
rCold   . . .      Faith    .   i - +0 buckler
rNeg    . . .      Spirit   .   d - +1 leather armour of Grot {rPois Regen+ Dex+5}
rPois   ∞          Reflect  .   h - +1 helmet
rElec   .          Harm     .   e - +0 cloak
rCorr   .          Rampage  .   g - +0 pair of gloves
Will    +....                   (boots unavailable)
Stlth   +.........              u - amulet of regeneration
HPRegen 1.87/turn               C - ring of protection from cold
MPRegen 0.00/turn               W - ring of wizardry

@: flying
A: sickness immunity, fire resistance 2, cold vulnerability 1, float, innate
caster, HP casting, extra vitality 1
a: Renounce Religion, Evoke Blink, Fiery Armour, Foxfire Swarm, Rising Flame


You were on level 11 of the Dungeon.
You worshipped Ignis.
Ignis was extremely pleased with you.
You visited 2 branches of the dungeon, and saw 17 of its levels.
You also visited: Ossuary.

You collected 787 gold pieces.
You spent 411 gold pieces at shops.

Inventory:

Hand Weapons
 a - a +0 spear of flaming
 r - a +4 scimitar of flaming
 A - the +8 mace "Esolis" (weapon) {protect, *Noise +Blink rPois Str-5}
   (You found it on level 6 of the Dungeon)

   It grants its wielder temporary protection when it strikes (+7 to AC).
   Str:       It affects your strength (-5).
   rPois:     It protects you from poison.
   +Blink:    It lets you blink.
   *Noise:    It may make noises in combat.
 G - a +6 short sword
 K - a +0 falchion of electrocution
Missiles
 f - 12 boomerangs
 k - 2 throwing nets
Armour
 d - the +1 leather armour of Grot (worn) {rPois Regen+ Dex+5}
   (You found it on level 2 of the Dungeon)

   Dex:       It affects your dexterity (+5).
   rPois:     It protects you from poison.
   Regen:     It increases your rate of health regeneration.
 e - a +0 cloak (worn)
 g - a +0 pair of gloves (worn)
 h - a +1 helmet (worn)
 i - a +0 buckler (worn)
 j - the +2 robe of the Undertaker {rElec rPois Slay+2}
   (You took it off an orc on level 8 of the Dungeon)

   Slay:      It affects your accuracy & damage with ranged weapons and melee
   (+2).
   rElec:     It insulates you from electricity.
   rPois:     It protects you from poison.
 w - a +3 scale mail of cold resistance
 M - +0 acid dragon scales
Magical Staves
 E - a staff of earth
Jewellery
 m - a ring of ice
 t - a ring of positive energy
 u - an amulet of regeneration (around neck)
 C - a ring of protection from cold (left hand)
 W - a ring of wizardry (right hand)
Wands
 n - a wand of iceblast (17)
 F - a wand of mindburst (9)
Scrolls
 b - 9 scrolls of teleportation
 p - 2 scrolls of blinking
 q - a scroll of fog
 s - 3 scrolls of identify
 B - 2 scrolls of fear
 D - a scroll of holy word
Potions
 c - a potion of mutation
 l - 6 potions of curing
 o - a potion of brilliance
 v - 2 potions of berserk rage
 x - a potion of invisibility
 y - 3 potions of ambrosia
 z - a potion of cancellation
 H - a potion of heal wounds
 J - 3 potions of might {1 more in shop}
Miscellaneous
 L - a phantom mirror
 N - a lightning rod (4/4)


   Skills:
 * Level 10.7 Fighting
 - Level 2.4 Polearms
 - Level 4.0 Armour
 * Level 10.6 Dodging
 * Level 9.1 Shields
 + Level 14.3 Spellcasting


You had 20 spell levels left.
You knew the following spells:

 Your Spells              Type           Power      Damage    Failure   Level
a - Animate Skeleton      Necr           100%       N/A       0%          1
b - Scorch                Fire           100%       2d10      1%          2
c - Ice Form              Ice/Tmut       64%        N/A       1%          4
d - Animate Dead          Necr           32%        N/A       1%          4
r - Searing Ray           Conj           100%       2d8       1%          2
y - Yara's Violent Unrav  Hex/Tmut       32%        3d13      1%          5
z - Vampiric Draining     Necr           64%        2d10      1%          3
Your spell library was empty.

Dungeon Overview and Level Annotations

Branches:
Dungeon (11/15)            Temple (0/1) D:6            Lair (6/6) D:8
 Shoals (0/4) Lair:4       Spider (0/4) Lair:4        Slime (0/5) Lair:5
    Orc (0/2) D:10        Ossuary (visited)

Altars:
Elyvilon
Jiyva

Shops:
D:4 *   D:5 [   D:7 *[   D:10 =   D:11 *


Innate Abilities, Weirdness & Mutations

You are immune to sickness and miasma.
You are immune to poison.
Your flesh is very heat resistant. (rF++)
You are vulnerable to cold. (rC-)
You float through the air rather than walking.
You learn spells naturally, not from books.
Your magical power is your life essence.
You have superior vitality. (+4 MHP)


Message History

Casting: Scorch (safe; 1% risk of failure)
Press: ? - help, Q - select action, (/) - cycle Dir - look around, f - activate Flames lash the two-headed ogre.
The two-headed ogre is burned terribly!
The two-headed ogre is almost dead.
You block the two-headed ogre's attack. The two-headed ogre closely misses you.
Casting: Scorch (safe; 1% risk of failure)
Press: ? - help, Q - select action, (/) - cycle Dir - look around, f - activate Flames lash the two-headed ogre.
The two-headed ogre is burned terribly!
You kill the two-headed ogre!
You start resting.
HP restored.
Things that are here:
a +0 dire flail; a +0 giant club; a two-headed ogre corpse You reach down and open the door.
Found Cummumih's Jewellery Shop.
The shop is a mimic!
The shop mimic chortles and vanishes in a puff of smoke!
There is an open door here.
You reach down and open the door.
There is an open door here.
A boulder beetle comes into view.
Found a wand of iceblast (3).
Casting: Scorch (safe; 1% risk of failure)
Confirm with . or Enter, or press ? or * to list all spells.
Aiming: Yara's Violent Unravelling (mildly dangerous; 1% risk of failure)
Press: ? - help, Dir - move target, f - you
Okay, then.
Unknown command.
The boulder beetle curls into a ball and begins rolling!
Found 10 gold pieces.
You see here a wand of iceblast (3).
n - a wand of iceblast (17) (gained 3 charges)
The boulder beetle hits you!!!
Ouch! That really hurt!
The boulder beetle stops rolling and uncurls.
The boulder beetle leaps!
The boulder beetle curls into a ball and begins rolling!
The boulder beetle hits you!!!
Ouch! That really hurt!
You die...

#.###+#.#.##.##.####.#.
#.......#.......# #.#.
######.##.##.#### #.#.
#.##.##.# #.#.
#.##.##.# ##.#.
#.##.##.######..#. #.#
#.....)..... #.#
########.### #@# #.#
#B# #.# #○# #.# #°# #.#
#########°# #.#
$.........# .#
###########


You could see a boulder beetle (rolling).

Vanquished Creatures
  2 hydras (Lair:6)
  2 catoblepae (Lair:6)
  A centaur warrior (D:9)
  5 two-headed ogres
  A tengu warrior (D:9)
  A death knight (D:9)
  6 death yaks
  3 skeletal warriors (D:10)
  A lindwurm (Lair:6)
  Pikel (D:7)
  A manticore (shapeshifter) (D:9)
  4 cyclopes
  4 elephants (Lair:6)
  8 black mambas
  12 cane toads
  Joseph (D:8)
  A gargoyle (D:10)
  Maggie (D:7)
  3 rime drakes
  4 komodo dragons
  An efreet (D:9)
  A polar bear (Lair:1)
  A queen bee (D:9)
  A meliai (Lair:4)
  Prince Ribbit (D:6)
  22 blink frogs
  A meliai zombie (D:7)
  9 dream sheep
  2 shadows (D:9)
  43 yaks
  A wraith (D:9)
  4 basilisks
  A steam dragon (D:10)
  Menkaure (D:6)
  2 acid dragons (D:9)
  2 wargs (D:8)
  7 water moccasins
  7 orc warriors
  4 black bears
  3 ice beasts
  A necrophage (D:8)
  An ogre (D:4)
  10 wolves
  8 centaurs
  A phantom (D:4)
  Blork the orc (D:6)
  A lemure (D:8)
  A kobold brigand (D:9)
  11 bullfrogs
  A wyvern zombie (D:6)
  6 scorpions
  A wyvern skeleton (D:7)
  19 killer bees
  10 wights
  2 electric eels (Lair:3)
  A bullfrog zombie (D:5)
  2 hounds
  4 centaur zombies
  3 jellies
  4 orc priests
  A bullfrog skeleton (D:6)
  Crazy Yiuf (D:6)
  Jessica (D:2)
  3 iguanas
  7 orc wizards
  A hound skeleton (D:4)
  15 mummies
  A howler monkey zombie (D:8)
  A howler monkey skeleton (D:7)
  7 gnolls
  5 adders
  A shadow imp (D:7)
  A white imp (D:8)
  A dart slug (D:2)
  26 orcs
  11 ball pythons
  5 bats
  4 endoplasms
  2 giant cockroaches
  6 hobgoblins
  6 jackals
  4 quokkas
  A frilled lizard (D:2)
  3 gnoll skeletons (Ossuary)
  8 goblins
  A goblin skeleton (Ossuary)
  9 kobolds
  A kobold skeleton (Ossuary)
  3 orc skeletons (Ossuary)
  5 rats
  11 rat skeletons (Ossuary)
416 creatures vanquished.

Vanquished Creatures (collateral kills)
  A deep troll shaman (Lair:6)
  A death yak (Lair:5)
  A komodo dragon (Lair:6)
  A yak (Lair:6)
  A water moccasin (Lair:5)
5 creatures vanquished.

Vanquished Creatures (others)
  A killer bee (D:10)
  27 fungi
  46 plants
74 creatures vanquished.

Grand Total: 495 creatures vanquished

Notes
Turn   | Place    | Note
-------+----------+-------------------------------------------
     0 | D:1      | Hector the Djinni Cinder Acolyte began the quest for the
                  | Orb.
     0 | D:1      | Reached XP level 1. HP: 20/20 MP: 0/0
   292 | D:1      | Found a faded altar of an unknown god.
   348 | D:1      | Reached XP level 2. HP: 19/25 MP: 0/0
  1293 | D:2      | Noticed Jessica
  1389 | D:2      | Killed Jessica
  1390 | D:2      | Reached XP level 3. HP: 25/30 MP: 0/0
  1390 | D:2      | Learned a level 1 spell: Animate Skeleton
  1615 | D:2      | Reached skill level 1 in Dodging
  1615 | D:2      | Reached skill level 3 in Spellcasting
  1615 | D:2      | Reached XP level 4. HP: 33/37 MP: 0/0
  2471 | D:2      | Identified the +1 leather armour of Grot {rPois Regen+
                  | Dex+5}
  2706 | D:3      | Reached skill level 1 in Shields
  2706 | D:3      | Reached XP level 5. HP: 38/41 MP: 0/0
  2706 | D:3      | Learned a level 2 spell: Searing Ray
  2916 | D:3      | Reached skill level 1 in Armour
  2916 | D:3      | Reached XP level 6. HP: 40/47 MP: 0/0
  3119 | D:4      | Noticed a black bear
  3123 | D:4      | Killed a black bear
  3124 | D:4      | Reached skill level 4 in Spellcasting
  3214 | D:4      | Reached XP level 7. HP: 39/52 MP: 0/0
  3214 | D:4      | Learned a level 3 spell: Vampiric Draining
  3233 | D:4      | Found Vituaruam's Neck Hole.
  3379 | D:4      | Found a sand-covered staircase.
  3388 | Ossuary  | Entered an ossuary
  3708 | Ossuary  | Reached XP level 8. HP: 50/58 MP: 0/0
  3909 | D:4      | Reached skill level 5 in Spellcasting
  4144 | D:5      | Entered Level 5 of the Dungeon
  4499 | D:5      | Found Coddaoc's Armour Shoppe.
  5271 | D:6      | Noticed Prince Ribbit
  5278 | D:5      | Reached skill level 5 in Fighting
  5370 | D:6      | Killed Prince Ribbit
  5371 | D:6      | Reached skill level 6 in Spellcasting
  5371 | D:6      | Reached XP level 9. HP: 60/65 MP: 0/0
  5371 | D:6      | Learned a level 4 spell: Animate Dead
  5412 | D:6      | Found a staircase to the Ecumenical Temple.
  5519 | D:6      | Noticed Menkaure
  5537 | D:6      | Killed Menkaure
  5562 | D:6      | Noticed Blork the orc
  5577 | D:6      | Killed Blork the orc
  5828 | D:6      | Found a runed translucent door.
  5829 | D:6      | Noticed Crazy Yiuf
  5844 | D:6      | Killed Crazy Yiuf
  5848 | D:6      | Identified the +8 mace "Esolis" {protect, *Noise +Blink
                  | rPois Str-5}
  6079 | D:7      | Noticed Maggie
  6088 | D:7      | Killed Maggie
  6089 | D:7      | Reached skill level 7 in Spellcasting
  6363 | D:7      | Reached XP level 10. HP: 69/72 MP: 0/0
  6365 | D:7      | Reached skill level 5 in Dodging
  6399 | D:7      | Found Ryugaimm's Antique Armour Shoppe.
  6574 | D:7      | Found Vizos's Assorted Antiques.
  6965 | D:8      | Noticed Joseph
  6977 | D:8      | Killed Joseph
  6978 | D:8      | Reached skill level 8 in Spellcasting
  7199 | D:8      | Noticed Pikel
  7320 | D:7      | Killed Pikel
  7573 | D:8      | Found a staircase to the Lair.
  7674 | D:8      | Identified the +2 robe of the Undertaker {rElec rPois
                  | Slay+2}
  8251 | D:9      | Found a white marble altar of Elyvilon.
  8463 | D:9      | Noticed a centaur warrior
  8474 | D:9      | Identified the +7 halberd of Utupsiuj {flame, rF+ Int+2}
  8474 | D:9      | Noticed an efreet
  8477 | D:9      | Reached skill level 9 in Spellcasting
  8482 | D:9      | Killed a centaur warrior
  8483 | D:9      | Reached XP level 11. HP: 33/79 MP: 0/0
  8483 | D:9      | Learned a level 4 spell: Ice Form
  8716 | D:9      | Noticed a death knight
  8787 | Lair:1   | Entered Level 1 of the Lair of Beasts
  9025 | Lair:1   | Reached skill level 5 in Shields
  9362 | Lair:1   | Reached skill level 10 in Spellcasting
 10593 | D:4      | Bought an amulet of regeneration for 330 gold pieces
 10773 | Lair:2   | Reached XP level 12. HP: 83/87 MP: 0/0
 11223 | Lair:3   | Reached skill level 11 in Spellcasting
 12202 | Lair:4   | Found a staircase to the Shoals.
 12306 | Lair:4   | Found a hole to the Spider Nest.
 12446 | Lair:4   | Reached XP level 13. HP: 81/94 MP: 0/0
 12446 | Lair:4   | Learned a level 5 spell: Yara's Violent Unravelling
 12475 | Lair:4   | Reached skill level 12 in Spellcasting
 13446 | Lair:5   | Found a viscous altar of Jiyva.
 13447 | Lair:5   | Found a staircase to the Slime Pits.
 14135 | D:7      | Bought 3 scrolls labelled JEHINU CEJOOH for 81 gold pieces
 14326 | Lair:6   | Entered Level 6 of the Lair of Beasts
 14539 | Lair:6   | Noticed an eight-headed hydra
 14551 | Lair:6   | Killed an eight-headed hydra
 14589 | Lair:6   | Noticed a catoblepas
 14600 | Lair:6   | Killed a catoblepas
 14804 | Lair:6   | Reached skill level 13 in Spellcasting
 14804 | Lair:6   | Noticed a seven-headed hydra
 14814 | Lair:6   | Killed a seven-headed hydra
 15129 | Lair:6   | Reached skill level 10 in Fighting
 15305 | Lair:6   | Reached XP level 14. HP: 98/103 MP: 0/0
 15583 | Lair:6   | Reached skill level 10 in Dodging
 17044 | D:10     | Entered Level 10 of the Dungeon
 17052 | D:10     | Reached skill level 14 in Spellcasting
 17340 | D:10     | Found a staircase to the Orcish Mines.
 17610 | D:10     | Found Qaqeih's Jewellery Shop.
 17704 | D:11     | Found Jablo's Elemental Accessories.
 18333 | D:11     | Found Cummumih's Jewellery Shop.
 18360 | D:11     | Slain by a boulder beetle

Illustrated notes

Levels and vault maps discovered:
D:1:      sevenhm_arrival_forest_fort_large_2, layout_basic,
          shapermc_ecumenical_altar_mp_urbaneastern
D:2:      layout_basic, uniq_jessica
D:3:      layout_basic, glass_columns_c, minivault_23, serial_park_tiny_1
D:4:      layout_loops_ring, gup_ossuary_entry_pyramid,
          nicolae_shop_sticking_my_neck_out
D:5:      layout_basic, serial_shops, shop, nrook_pool_corridor
D:6:      layout_rooms, minmay_temple_entry_wispy, kennysheep_small_spiral,
          uniq_blork_the_orc, uniq_crazy_yiuf_cottage, uniq_menkaure,
          uniq_prince_ribbit1
D:7:      layout_loops_ring, serial_shops, shop, nicolae_shop_hallway_stairs,
          uniq_maggie
D:8:      layout_gridville, erik_lair_orcish_takeover, uniq_joseph, uniq_pikel
D:9:      minmay_the_grid_square_5x5_3x3 [minmay_the_grid_square_5x5_tri_point,
          minmay_the_grid_square_5x5_three, minmay_the_grid_square_5x5_v,
          minmay_the_grid_square_5x5_plus,
          minmay_the_grid_square_5x5_megaprize_open,
          minmay_the_grid_square_5x5_fat_x,
          minmay_the_grid_square_5x5_beaten_path,
          minmay_the_grid_square_5x5_lines,
          minmay_the_grid_square_5x5_two_walls_b], layout_loops_ring,
          nicolae_overflow_hidden_temple, nicolae_looking_at_the_future
D:10:     layout_roguey, orc_david_3, minmay_shop_enchanted_jewellery
D:11:     layout_loops_ring, serial_shops, nicolae_shop_behind_doors,
          nicolae_elemental_shop, nicolae_shop_overcharged_wands
Lair:1:   layout_hall_layers, grunt_megastairs_5
Lair:2:   layout_roguey, lemuel_fruit_tree
Lair:3:   layout_loops_ring, grunt_megastairs_3, serial_bayou_shore_a
Lair:4:   layout_cave_shapes, minmay_shoals_entry_centaurs,
          hellmonk_spider_entry_not_the_bees, chequers_serial_rivers_micro_c
Lair:5:   layout_cave_pods, dpeg_slime_entry_enclosed_altar
Lair:6:   grunt_lair_end_beastmaster, layout_gridlike, serial_bayou_lagoon_a

Skill      XL: |  1  2  3  4  5  6  7  8  9 10 11 12 13 14 |
---------------+-------------------------------------------+-----
Dodging        | 1 2 3 4 6 7 8 9 10 | 10.6
Spellcasting   | 3 4 6 7 9 10 11 13 14 | 14.3
Shields        | 1 2 3 4 5 7 8 9 |  9.1
Fighting       | 4 5 6 7 8 9 10 | 10.7
Armour         | 1 2 3 4 |  4.0
Polearms       | |  2.4

Action                   |  1- 3 |  4- 6 |  7- 9 | 10-12 | 13-15 || total
-------------------------+-------+-------+-------+-------+-------++-------
Melee: Spear             |    25 |       |       |       |       ||    25
       Mace              |       |       |     1 |    20 |     6 ||    27
 Cast: Scorch            |    22 |    52 |   175 |   249 |   398 ||   896
       Animate Skeleton  |     1 |     2 |     2 |       |       ||     5
       Searing Ray       |       |     2 |     9 |    20 |    22 ||    53
       Vampiric Draining |       |       |     6 |    50 |    75 ||   131
       Animate Dead      |       |       |     7 |       |    31 ||    38
       Yara's Violent Un |       |       |       |       |     4 ||     4
  Use: Scroll            |       |       |    15 |     5 |     5 ||    25
       Potion            |       |       |       |     1 |       ||     1
Armor: Robe              |     3 |       |       |       |       ||     3
       Leather armour    |       |     1 |    12 |    54 |    70 ||   137
Dodge: Dodged            |    19 |     6 |    20 |   180 |   194 ||   419
Block: Buckler           |     1 |     4 |    12 |    94 |    83 ||   194
